 Dungeon Crawl Stone Soup version 0.30-a0-739-gea05faddec (webtiles) character file.

Game seed: 4371402795614035589

1128 KleinerIrrer the Fighter (level 8, -2/88 HPs)
             Began as an Ogre Fighter on Feb 4, 2023.
             Slain by a hellwing (8 damage)
             ... summoned by a kobold demonologist
             ... on level 6 of the Dungeon.
             The game lasted 00:07:52 (4819 turns).

KleinerIrrer the Fighter (Ogre Fighter)             Turns: 4819, Time: 00:07:53

Health: -2/88      AC: -4    Str: 23      XL:     8   Next: 35%
Magic:  8/8        EV:  8    Int:  9      God:
Gold:   296        SH:  7    Dex:  6 (8)  Spells: 7/7 levels left

rFire   . . .      SeeInvis .    A - +2 hammer (protect)
rCold   . . .      Faith    .    c - +0 kite shield
rNeg    . . .      Spirit   .    b - +0 robe
rPois   +          Reflect  .    (helmet restricted)
rElec   .          Harm     .    z - +1 cloak {rPois}
rCorr   .          Rampage  .    (gloves unavailable)
Will    .....                    (boots unavailable)
Stlth   +                        (no amulet)
HPRegen 0.34/turn                (no ring)
MPRegen 0.11/turn                (no ring)

@: corroded, under a protective aura
A: large, unfitting armour, tough skin 1
a: no special abilities


You were on level 6 of the Dungeon.
You visited 1 branch of the dungeon, and saw 6 of its levels.

You collected 296 gold pieces.

Inventory:

Hand Weapons
 y - a +2 quarterstaff of chaos
 A - a +2 hammer of protection (weapon)
Armour
 b - a +0 robe (worn)
 c - a +0 kite shield (worn)
 z - a +1 cloak of poison resistance (worn)
Jewellery
 h - a ring of flight
 m - an amulet of the acrobat
Wands
 d - a wand of flame (23)
 B - a wand of paralysis (5)
Scrolls
 a - a scroll of torment {unknown}
 e - a scroll of immolation {unknown}
 g - a scroll of poison {unknown}
 j - 2 scrolls of amnesia {unknown}
 k - 2 scrolls of silence {unknown}
 l - a scroll of acquirement {unknown}
 o - 2 scrolls of blinking {unknown}
 p - 2 scrolls of enchant armour {unknown}
 q - 2 scrolls of magic mapping {unknown}
 s - 8 scrolls of identify {unknown}
 u - 4 scrolls of teleportation {unknown}
 v - a scroll of enchant weapon {unknown}
 x - a scroll of fog {unknown}
Potions
 f - 4 potions of attraction {unknown}
 i - a potion of mutation {unknown}
 n - a potion of flight {unknown}
 r - a potion of cancellation {unknown}
 t - a potion of heal wounds {unknown}
 w - a potion of brilliance {unknown}
 C - a potion of lignification {unknown}
 D - a potion of magic {unknown}
 E - a potion of degeneration {unknown}


   Skills:
 + Level 8.3 Fighting
 * Level 7.4 Maces & Flails
 - Level 2.6 Dodging
 - Level 3.0 Shields


You had 7 spell levels left.
You didn't know any spells.
Your spell library contained the following spells:

 Spells                   Type           Power      Damage    Failure   Level
 Freeze                   Ice            0%         1d3       67%         1
 Frozen Ramparts          Ice            0%         1d1       96%         3
 Hailstorm                Conj/Ice       0%         3d3       96%         3


Dungeon Overview and Level Annotations

Branches:
Dungeon (6/15)
 Temple: D:4-7

Altars:
Hepliaklqana
Kikubaaqudgha
Ru
Sif Muna
Xom
Zin

Shops:
D:6 :(


Innate Abilities, Weirdness & Mutations

You are too large for most types of armour.
You have tough skin. (AC +1)


Message History

The kobold demonologist hits you with a +0 dagger.
The kobold closely misses you.
You block the kobold demonologist's attack.
You hit the kobold demonologist but do no damage.
The kobold demonologist is moderately wounded.
You block the rust devil's attack.
The crimson imp shouts, "Go and return not, thou unhinged dread-bolted pumpion!"
The crimson imp hits you. You block the kobold's attack.
The kobold demonologist hits you with a +0 dagger. x2
The hellwing hits you! x2
You closely miss the kobold demonologist.
The kobold demonologist is moderately wounded.
The rust devil hits you. The rust devil corrodes you!
You block the crimson imp's attack. The kobold hits you with a +0 club.
The kobold demonologist completely misses you.
The kobold demonologist miscasts a cantrip.
The hellwing barely misses you. x2; The iron imp hits you!
* * * LOW HITPOINT WARNING * * *
The quasit barely misses you. You block the quasit's attack.
The quasit claws you.
* * * LOW HITPOINT WARNING * * *
You feel clumsy. The rust devil hits you.
* * * LOW HITPOINT WARNING * * *
The rust devil corrodes you! The crimson imp closely misses you.
You hit the kobold demonologist but do no damage.
The kobold demonologist is moderately wounded.
You block the kobold's attack.
The kobold demonologist barely misses you.
The kobold demonologist hits you with a +0 dagger.
* * * LOW HITPOINT WARNING * * *
You block the quasit's attack. The quasit claws you.
* * * LOW HITPOINT WARNING * * *
You feel clumsy. The quasit claws you.
* * * LOW HITPOINT WARNING * * *
The hellwing hits you!
* * * LOW HITPOINT WARNING * * *
The hellwing hits you!
You die...

.........#'###.............
.........................>.
..................)........
..............###'#########
..............#......#
..............+......#
..............#.5....#
..............#544..##
..............#K@K..#
..............#5K5...#
..............#55...#############
....#####.....#.....#............
....#...#.....#.....+............
....#...#.....#.....#............
...))...'.....#.....#............
....#...#.....#.....#............
....#...#.....# #............


You could see a hellwing (summoned), a rust devil (summoned), 2 kobold
demonologists, an iron imp (summoned), a quasit (summoned), a crimson imp
(summoned), 2 shadow imps, an ufetubus (summoned) and a kobold.

Vanquished Creatures
  Eustachio (D:5)
  Menkaure (D:4)
  An orc warrior (D:6)
  2 ice beasts
  A kobold brigand (D:6)
  A bullfrog (D:5)
  A howler monkey (D:4)
  A hound (D:5)
  2 orc priests (D:6)
  Crazy Yiuf (D:3)
  Jessica (D:3)
  Ijyb (D:5)
  Natasha (twice) (D:3)
  2 iguanas (D:5)
  6 adders
  2 shadow imps (D:5)
  An ufetubus (D:4)
  2 worms
  2 dart slugs (D:1)
  8 orcs
  5 endoplasms
  A giant cockroach (D:4)
  2 hobgoblins
  5 quokkas
  13 ball pythons
  8 bats
  5 frilled lizards
  8 goblins
  7 kobolds
  5 rats
98 creatures vanquished.

Notes
Turn   | Place    | Note
-------+----------+-------------------------------------------
     0 | D:1      | KleinerIrrer the Ogre Fighter began the quest for the Orb.
     0 | D:1      | Reached XP level 1. HP: 24/24 MP: 1/1
   222 | D:1      | Reached XP level 2. HP: 32/32 MP: 2/2
   854 | D:2      | Reached XP level 3. HP: 37/40 MP: 3/3
  1468 | D:2      | Found a faded altar of an unknown god.
  1829 | D:3      | Found an ancient bone altar of Kikubaaqudgha.
  1966 | D:3      | Found a runed translucent door.
  1967 | D:3      | Noticed Crazy Yiuf
  1995 | D:3      | Found a hazy altar of Hepliaklqana.
  2123 | D:3      | Noticed Natasha
  2128 | D:3      | Killed Natasha
  2129 | D:3      | Reached skill level 5 in Fighting
  2129 | D:3      | Reached XP level 4. HP: 50/50 MP: 4/4
  2143 | D:3      | Noticed Natasha
  2147 | D:3      | Killed Natasha
  2221 | D:3      | Noticed Jessica
  2229 | D:3      | Killed Jessica
  2230 | D:3      | Reached XP level 5. HP: 57/57 MP: 5/5
  2232 | D:3      | Found a shimmering blue altar of Sif Muna.
  2488 | D:3      | Killed Crazy Yiuf
  2540 | D:4      | Noticed Menkaure
  2638 | D:4      | You fall into a shaft and drop 2 floors!
  2642 | D:6      | Noticed an ice beast
  2663 | D:6      | Killed an ice beast
  2664 | D:6      | Reached skill level 6 in Fighting
  2664 | D:6      | Reached XP level 6. HP: 67/67 MP: 6/6
  2724 | D:6      | Found Gyoriupt's Book Shop.
  2739 | D:5      | Entered Level 5 of the Dungeon
  2918 | D:5      | Reached skill level 5 in Maces & Flails
  3054 | D:5      | Noticed Eustachio
  3161 | D:5      | Killed Eustachio
  3162 | D:5      | Reached XP level 7. HP: 39/76 MP: 7/7
  3338 | D:5      | Found a glowing silver altar of Zin.
  3449 | D:5      | Reached skill level 7 in Fighting
  3573 | D:5      | Noticed Ijyb
  3584 | D:5      | Paralysed by Ijyb for 3 turns
  3587 | D:5      | Killed Ijyb
  3986 | D:4      | Killed Menkaure
  4178 | D:4      | Reached XP level 8. HP: 88/88 MP: 8/8
  4189 | D:4      | Found a shimmering altar of Xom.
  4204 | D:4      | Found a sacrificial altar of Ru.
  4428 | D:6      | Found Osuseguwk's Weapon Shoppe.
  4499 | D:6      | Reached skill level 8 in Fighting
  4794 | D:6      | Noticed a kobold demonologist
  4805 | D:6      | Noticed a kobold demonologist
  4811 | D:6      | Noticed a rust devil
  4815 | D:6      | Noticed a hellwing
  4819 | D:6      | Slain by a hellwing

Illustrated notes

Levels and vault maps discovered:
D:1:      sevenhm_arrival_forest_fort_small_3, layout_loops_ring, serial_glass,
          glass_columns_b, glass_columns_a
D:2:      layout_loops_ring, shapermc_ecumenical_altar_venn
D:3:      layout_rooms, mainiacjoe_overflow_concentric_impassable, tgw_sif,
          worldfamousw_hep_ancestral_shrine, uniq_jessica,
          uniq_crazy_yiuf_cottage, uniq_natasha
D:4:      layout_rooms, mainiacjoe_overflow_big_doors, kennysheep_potato,
          uniq_menkaure
D:5:      layout_loops_cross, kennysheep_mini_moat, corexii_hall_statues_x,
          uniq_ijyb, uniq_eustachio
D:6:      layout_gridville, nicolae_yredelemnul_corpse_copse,
          mainiacjoe_overflow_alcove_4, serial_shops, nicolae_shop_trees,
          nicolae_stop_n_shop_2, mrwooster_statue_mirror, nicolae_stop_n_shop_2,
          kennysheep_generic_room_11

Skill      XL: |  1  2  3  4  5  6  7  8 |
---------------+-------------------------+-----
Maces & Flails | 2 3 4 5 6 7 |  7.4
Fighting       | 5 6 7 8 |  8.3
Dodging        | |  2.6
Shields        | |  3.0

Action                     |  1- 3 |  4- 6 |  7- 9 || total
---------------------------+-------+-------+-------++-------
  Melee: Flail             |   148 |    11 |       ||   159
         Mace              |       |    75 |   160 ||   235
    Use: Potion            |       |     1 |       ||     1
   Stab: Sleeping          |     1 |       |     2 ||     3
 Armour: Robe              |    55 |    45 |    75 ||   175
  Dodge: Dodged            |    66 |    40 |    56 ||   162
  Block: Kite shield       |    62 |    43 |    59 ||   164

Table legend: (Time is in decaauts)
 A = Elapsed time spent in this place.
 B = Non-inter-level travel time spent in this place.
 C = Inter-level travel time spent in this place.
 D = Time resting spent in this place.
 E = Time spent auto-exploring this place.
 F = Levels seen in this place.
 G = Mean time per level.
                   A        B        C        D        E       F      G
               +--------+--------+--------+--------+--------+-----+--------+
         Total |   4953 |   4639 |    314 |    124 |   3497 |   6 |  825.5 |
       Dungeon |   4953 |   4639 |    314 |    124 |   3497 |   6 |  825.5 |
               +--------+--------+--------+--------+--------+-----+--------+

Top non-repeatable levels by time:
     D:5: 1118 daAuts
     D:2: 986 daAuts
     D:3: 900 daAuts
     D:1: 748 daAuts
     D:4: 692 daAuts
     D:6: 506 daAuts
